 Dungeon Crawl Stone Soup version 0.22-a0-322-g60b3cfd (webtiles) character file.

137 xccam the Cudgeler (level 5, -2/41 HPs)
             Began as a Demonspawn Chaos Knight on Apr 2, 2018.
             Slain by a goblin
             ... wielding a +0 club
             ... led by Robin
              (5 damage)
             ... on level 2 of the Dungeon.
             The game lasted 00:03:03 (1666 turns).

xccam the Cudgeler (Demonspawn Chaos Knight)        Turns: 1666, Time: 00:03:03

Health: -2/41      AC:  5    Str: 13    XL:     5   Next: 0%
Magic:  5/5        EV: 11    Int: 13    God:    Xom [..*...]
Gold:   59         SH:  0    Dex: 13    Spells: 4/4 levels left

rFire    + . .     SeeInvis .   a - +0 mace (chaos)
rCold    . . .     Gourm    .   (no shield)
rNeg     . . .     Faith    .   b - +2 leather armour
rPois    .         Spirit   .   (helmet restricted)
rElec    .         Reflect  .   (no cloak)
rCorr    .         Harm     .   (no gloves)
MR       .....                  (no boots)
Stlth    +.........             (no amulet)
HPRegen  0.13/turn              (no ring)
MPRegen  0.09/turn              (no ring)

@: hasted, very quick
A: antennae 2, fire resistance 1
a: Renounce Religion


You were on level 2 of the Dungeon.
You worshipped Xom.
You were a toy of Xom.
You were hungry.

You visited 1 branch of the dungeon, and saw 2 of its levels.

You collected 59 gold pieces.

Inventory:

Hand Weapons
 a - a +0 mace of chaos (weapon)
Armour
 b - a +2 leather armour (worn)
Scrolls
 d - a scroll of remove curse {unknown}
 f - a scroll of immolation {unknown}
 j - 2 scrolls of identify {unknown}
 l - a scroll of amnesia {unknown}
Potions
 e - a potion of brilliance {unknown}
 g - a potion of ambrosia {unknown}
 h - a potion of haste
 i - a potion of curing {unknown}
 m - a potion of might {unknown}
Comestibles
 c - a ration
 k - 4 chunks of flesh


   Skills:
 - Level 3.0 Fighting
 + Level 5.2 Maces & Flails
 - Level 1.7 Armour
 - Level 0.8 Dodging


You had 4 spell levels left.
You didn't know any spells.

Dungeon Overview and Level Annotations

Branches:
Dungeon (2/15)

Altars:
Xom

Annotations:
D:2 Robin


Innate Abilities, Weirdness & Mutations

You have a pair of antennae on your head.
Your flesh is heat resistant. (rF+)


Message History

The goblin barely misses you. Robin throws the goblin at you!
The hobgoblin closely misses you. The goblin hits you but does no damage.
The goblin barely misses you. The goblin hits you with a club.
Unknown command.
You closely miss the goblin. The hobgoblin hits you.
The goblin closely misses you. The goblin hits you but does no damage.
The goblin hits you with a club.
* * * LOW HITPOINT WARNING * * *
Unknown command.
You are feeling hungry.
You barely miss the goblin. The hobgoblin hits you.
* * * LOW HITPOINT WARNING * * *
The goblin barely misses you. x2; The goblin misses you.
The hobgoblin hits you but does no damage.
You aren't carrying any items that you can evoke.
Unknown command.
It was a potion of haste.
You feel yourself speed up.
Xom thinks this is hilarious!
The goblin hits you with a club.
You die...

...# #..#
# #..# #
#.g# #
#sg# #.###
#gg# ..
....
#gg###...#
####
#gggKr...#
#####
##@###{...
..... #g#
. #####
#.# #.#
#(# #.#
#.# #.#
#.###


You could see Robin, a giant cockroach, 3 hobgoblins, 6 goblins, a kobold and a
rat.

Vanquished Creatures
  An ogre (D:2)
  2 oozes (D:2)
  A worm (D:2)
  2 dart slugs
  2 leopard geckos
  3 bats (D:2)
  A giant cockroach (D:2)
  5 goblins
  4 hobgoblins
  4 kobolds
  A quokka (D:2)
  3 ball pythons
  2 frilled lizards
  5 rats (D:1)
36 creatures vanquished.

Notes
Turn   | Place    | Note
-------+----------+-------------------------------------------
     0 | D:1      | xccam the Demonspawn Chaos Knight began the quest for the Orb.
     0 | D:1      | Reached XP level 1. HP: 18/18 MP: 1/1
     9 | D:1      | XOM: potion effect (brilliance)
   116 | D:1      | Reached skill level 3 in Maces & Flails
   279 | D:1      | XOM: harmless Summ miscast
   281 | D:1      | Gained mutation: Your flesh is heat resistant. (rF+) [demonic ancestry]
   281 | D:1      | Reached XP level 2. HP: 22/24 MP: 2/2
   303 | D:1      | XOM: divination: detect creatures
   352 | D:1      | XOM: cloud trail
   866 | D:2      | XOM: harmless Erth miscast
   887 | D:2      | Reached XP level 3. HP: 3/29 MP: 3/3
  1206 | D:2      | XOM: harmless Fire miscast
  1270 | D:2      | Found a shimmering altar of Xom.
  1342 | D:2      | XOM is BORED!
  1342 | D:2      | XOM: mild Hex miscast
  1380 | D:2      | Reached skill level 4 in Maces & Flails
  1383 | D:2      | Noticed an ogre
  1383 | D:2      | a worm changed into an ogre
  1384 | D:2      | XOM: divination: detect creatures
  1388 | D:2      | XOM: potion effect (curing)
  1398 | D:2      | Killed an ogre
  1398 | D:2      | Reached skill level 5 in Maces & Flails
  1398 | D:2      | Gained mutation: You have a pair of small antennae on your head. [demonic ancestry]
  1398 | D:2      | Reached XP level 4. HP: 24/35 MP: 4/4
  1473 | D:2      | XOM: confuse monster(s)
  1586 | D:2      | XOM: silly message
  1655 | D:2      | Noticed Robin
  1661 | D:2      | Gained mutation: You have a pair of antennae on your head. [demonic ancestry]
  1661 | D:2      | Reached XP level 5. HP: 23/41 MP: 5/5
  1666 | D:2      | Slain by a goblin

Vault maps used:
D:1:      tarquinn_simple_flora_water_f, minmay_misc_feat_doors, minmay_bisected
D:2:      nicolae_overflow_crystal_walls, hex_medium, uniq_robin

Skill      XL: |  1  2  3 |
---------------+----------+-----
Maces & Flails | 3 5 |  5.2
Fighting       | |  3.0
Armour         | |  1.7
Dodging        | |  0.8

Action                   |  1- 3 |  4- 6 || total
-------------------------+-------+-------++-------
Melee: Mace              |    79 |    32 ||   111
  Use: Potion            |       |     1 ||     1
  Eat: Chunk             |     1 |     1 ||     2
Armor: Leather armour    |    28 |    20 ||    48
Dodge: Dodged            |    51 |    41 ||    92

Table legend:
 A = Spawn XP
 B = Non-spawn XP
 C = Spawn XP percentage of total XP
 D = Spawn monster count
 E = Non-spawn monster count
 F = Spawn count percentage of total count
 G = Total turns spent on level
                    A         B        C        D         E        F      G
               +---------+---------+-------+---------+---------+-------+---------
         Total |       0 |     197 |   0.0 |       0 |      36 |   0.0 |  1666
               +---------+---------+-------+---------+---------+-------+---------
           D:1 |       0 |      23 |   0.0 |       0 |      14 |   0.0 |   684
           D:2 |       0 |     174 |   0.0 |       0 |      22 |   0.0 |   982
               +---------+---------+-------+---------+---------+-------+---------
